 Dungeon Crawl Stone Soup version 0.28.0-45-g0d030f2227 (console) character file.

Game seed: 1382917502325093199

7200 Zeor the Impaler (level 11, -20/90 HPs)
             Began as a Merfolk Gladiator on Apr 3, 2022.
             Was a Priest of Wu Jian.
             Demolished by a cane toad (52 damage)
             ... on level 1 of the Lair of Beasts.
             The game lasted 00:34:30 (9420 turns).

Zeor the Impaler (Merfolk Gladiator)                Turns: 9420, Time: 00:34:31

Health: -20/90     AC: 17    Str: 17    XL:     11   Next: 11%
Magic:  11/11      EV:  2    Int:  7    God:    Wu Jian [***...]
Gold:   591        SH:  0    Dex: 27    Spells: 10/10 levels left

rFire   . . .      SeeInvis .   a - +0 glaive (protect)
rCold   . . .      Faith    .   (shield currently unavailable)
rNeg    . . .      Spirit   .   e - +0 ring mail
rPois   .          Reflect  .   c - +0 helmet
rElec   .          Harm     .   (no cloak)
rCorr   .          Rampage  .   j - +1 pair of gloves
Will    +....                   A - +0 pair of boots
Stlth   +.........              F - amulet of regeneration
HPRegen 1.05/turn               o - ring of Coronation {Will+ Str+3 Dex+6 Stlth-}
MPRegen 0.12/turn               (no ring)

@: sleeping, under a protective aura, serpent's lash
A: (nimble swimmer 2), mertail
a: Renounce Religion, Wall Jump, Serpent's Lash


You were on level 1 of the Lair of Beasts.
You worshipped Wu Jian.
Wu Jian was most pleased with you.
You visited 3 branches of the dungeon, and saw 12 of its levels.
You also visited: Bailey.

You collected 591 gold pieces.

Inventory:

Hand Weapons
 a - a +0 glaive of protection (weapon)
 b - a +0 hand crossbow
 s - a +4 antimagic scythe
 w - a +1 trident
 D - a +0 halberd
 I - a +0 halberd
Missiles
 d - a throwing net (quivered)
 l - 188 arrows
 m - 140 bolts
 y - 13 poisoned darts
Armour
 c - a +0 helmet (worn)
 e - a +0 ring mail (worn)
 j - a +1 pair of gloves (worn)
 A - a +0 pair of boots (worn)
Jewellery
 o - the ring of Coronation (left hand) {Will+ Str+3 Dex+6 Stlth-}
   (You acquired it on level 1 of the Dungeon)

   [ring of dexterity]

   Str:       It affects your strength (+3).
   Dex:       It affects your dexterity (+6).
   Will:      It increases your willpower.
   Stlth:     It makes you less stealthy.
 q - an amulet of magic regeneration
 u - an amulet of the acrobat
 F - an amulet of regeneration (around neck)
 G - a ring of wizardry
Wands
 h - a wand of polymorph (9)
 n - a wand of iceblast (9)
 t - a wand of paralysis (16)
 z - a wand of flame (25)
Scrolls
 k - a scroll of fog
 p - 4 scrolls of teleportation
 H - a scroll of fear
Potions
 f - 4 potions of brilliance
 g - a potion of flight
 i - 5 potions of cancellation
 r - a potion of curing
 v - a potion of heal wounds
 x - 3 potions of invisibility
 B - 2 potions of degeneration {unknown}
 C - 3 potions of resistance {unknown}
 E - 3 potions of haste {unknown}
 K - a potion of magic {unknown}


   Skills:
 * Level 9.7 Fighting
 + Level 16.6 Polearms
 + Level 2.0 Throwing
 + Level 4.9 Armour
 * Level 7.5 Dodging
 + Level 2.4 Stealth


You had 10 spell levels left.
You didn't know any spells.
Your spell library contained the following spells:

 Spells                   Type           Power      Damage    Failure   Level
 Freeze                   Ice            0%         1d3       63%         1
 Corpse Rot               Necr/Air       0%         N/A       77%         2
 Frozen Ramparts          Ice            0%         1d2       94%         3
 Inner Flame              Hex/Fire       0%         N/A       94%         3
 Cause Fear               Hex            0%         N/A       100%        4
 Dispel Undead            Necr           0%         3d6       100%        4
 Hailstorm                Conj/Ice       0%         3d3       100%        4
 Ice Form                 Ice/Tmut       0%         N/A       100%        4
 Olgreb's Toxic Radiance  Pois           0%         N/A       100%        4
 Summon Ice Beast         Ice/Summ       0%         N/A       100%        4
 Death Channel            Necr           0%         N/A       100%        6
 Ozocubu's Refrigeration  Ice            0%         4d5       100%        7
 Discord                  Hex            0%         N/A       100%        8
 Ignition                 Fire           0%         3d3       100%        8


Dungeon Overview and Level Annotations

Branches:
Dungeon (10/15)            Temple (1/1) D:6            Lair (1/6) D:9
 Bailey (visited)
    Orc: D:9-12

Altars:
Ashenzari
Cheibriados
Dithmenos
Elyvilon
Fedhas
Gozag
Hepliaklqana
Kikubaaqudgha
Makhleb
Nemelex Xobeh
Okawaru
Qazlal
Ru
Sif Muna
Trog
Uskayaw
Vehumet
Wu Jian
Xom
Yredelemnul
Zin
The Shining One

Shops:
D:7 [


Innate Abilities, Weirdness & Mutations

((You are very nimble when in or above water. (Stealth+, EV+, Speed+++)))
Your lower body shifts to a powerful aquatic tail in water.


Message History

A dream sheep comes into view.
Okay, then.
Found 28 gold pieces.
You spin and attack the cane toad.
You barely miss the cane toad.
The cane toad is heavily wounded.
You spin and attack the dream sheep repeatedly.
You hit the dream sheep.
The dream sheep is lightly wounded.
You slice the dream sheep!!
You kill the dream sheep!
The Council accepts your kill. The cane toad stings you!
You spin and attack the cane toad.
You closely miss the cane toad.
The cane toad is heavily wounded.
You spin and attack the dream sheep.
You slice the dream sheep!!
The dream sheep is almost dead.
The cane toad completely misses you.
The dream sheep bites you but does no damage.
The cane toad stings you!
You see here a dream sheep corpse.
You spin and attack the cane toad.
You closely miss the cane toad.
The cane toad is heavily wounded.
The dream sheep barely misses you.
The dream sheep ruffle their wool and motes of dream dust sparkle, to no effect.
The cane toad stings you but does no damage.
Your muscles tense, ready for explosive movement...
You slash the cane toad!
The cane toad is almost dead.
You hear an angry hiss.
The dream sheep bites you but does no damage.
The cane toad barely misses you.
A water moccasin comes into view.
You closely miss the cane toad.
The cane toad is almost dead.
The dream sheep bites you but does no damage.
The dream sheep shake their wool and sparkle.
You feel drowsy...
You fall asleep.
The cane toad stings you!!!
Ouch! That really hurt!
You die... ∙∙∙∙∙

∙∙∙▒∙∙
∙∙∙∙∙▒▒▒▒▒∙▒∙▒∙∙∙
▒∙∙∙∙∙∙∙∙∙∙∙∙∙∙∙
▒▒∙∙∙∙∙∙∙∙∙∙∙∙∙∙∙


∙∙∙∙∙∙∙∙∙∙∙∙∙∙∙∙∙ ∙∙∙∙∙∙∙∙∙∙(∙∙∙∙∙∙ ∙∙∙∙∙∙∙∙∙∙∙∙∙∙∙∙∙ ∙∙∙∙∙∙∙YFY∙∙∙∙∙∙∙
∙∙∙∙∙∙∙SmY∙∙∙∙∙∙∙ ▒▒∙∙∙∙∙▒▒■▒∙▒▒▒▒∙ ▒∙∙∙∙∙ $∙∙ ▒∙∙∙∙∙ ∙∙∙▒ ■∙∙∙∙∙ $∙∙∙ ▒∙∙∙∙∙
∙∙∙∙ ▒∙∙∙∙∙ ∙ ▒∙∙∙∙∙ You could see a cane toad, a water moccasin and 3 dream
sheep.

Vanquished Creatures
  A two-headed ogre (D:9)
  A cyclops (D:9)
  Joseph (D:7)
  A komodo dragon (D:9)
  2 dream sheep (Lair:1)
  Sigmund (D:5)
  A yak (D:9)
  A wyvern (D:8)
  Menkaure (D:4)
  A steam dragon (D:9)
  2 water moccasins
  An ice beast (D:8)
  5 orc warriors
  2 black bears
  2 necrophages
  A sky beast (D:6)
  2 ogres (D:5)
  5 centaurs
  3 phantoms
  3 bullfrogs (D:9)
  2 gnoll sergeants
  2 scorpions
  A wyvern skeleton (D:3)
  9 killer bees
  4 howler monkeys
  An electric eel (D:8)
  A jelly (D:5)
  3 bullfrog zombies (D:6)
  3 centaur zombies
  4 hounds
  A bullfrog skeleton (D:7)
  4 orc priests
  2 gnoll shamans
  4 iguanas
  Ijyb (D:3)
  Natasha (thrice) (D:3)
  5 orc wizards
  A killer bee zombie (D:9)
  2 howler monkey zombies
  15 gnolls
  11 adders
  A shadow imp (D:6)
  3 ufetubi
  A worm (D:2)
  2 dart slugs (D:4)
  36 orcs
  6 endoplasms
  8 giant cockroaches
  7 goblins
  5 hobgoblins
  A jackal (D:1)
  5 quokkas
  7 ball pythons
  8 bats
  2 frilled lizards
  7 kobolds
  6 rats
221 creatures vanquished.

Vanquished Creatures (others)
  An orc (D:3)
  47 fungi (D:9)
  41 plants (D:9)
89 creatures vanquished.

Grand Total: 310 creatures vanquished

Notes
Turn   | Place    | Note
-------+----------+-------------------------------------------
     0 | D:1      | Zeor the Merfolk Gladiator began the quest for the Orb.
     0 | D:1      | Reached XP level 1. HP: 16/16 MP: 1/1
    54 | D:1      | Reached skill level 5 in Polearms
    54 | D:1      | Reached XP level 2. HP: 19/23 MP: 2/2
   405 | D:1      | Found a faded altar of an unknown god.
   582 | D:1      | Reached XP level 3. HP: 28/28 MP: 3/3
   688 | D:1      | Identified a scroll of acquirement
   688 | D:1      | Acquired the ring of Coronation {Will+ Str+3 Dex+6 Stlth-}
   819 | D:2      | Reached skill level 6 in Polearms
   899 | D:2      | Reached XP level 4. HP: 23/34 MP: 4/4
  1486 | D:2      | Found a hide-covered altar of Uskayaw.
  2164 | D:3      | Noticed Natasha
  2170 | D:3      | Killed Natasha
  2171 | D:3      | Reached skill level 7 in Polearms
  2171 | D:3      | Reached XP level 5. HP: 39/39 MP: 5/5
  2299 | D:3      | Noticed Natasha
  2305 | D:3      | Killed Natasha
  2306 | D:3      | Reached skill level 1 in Armour
  2464 | D:3      | Reached skill level 8 in Polearms
  2464 | D:3      | Reached XP level 6. HP: 29/46 MP: 6/6
  2803 | D:3      | Noticed Natasha
  2817 | D:3      | Killed Natasha
  3091 | D:3      | Noticed Ijyb
  3112 | D:3      | Killed Ijyb
  3467 | D:4      | Reached skill level 9 in Polearms
  3548 | D:4      | Reached XP level 7. HP: 46/52 MP: 7/7
  3597 | D:4      | Reached skill level 10 in Polearms
  3746 | D:4      | Noticed Menkaure
  3760 | D:4      | Killed Menkaure
  3768 | D:4      | Reached skill level 11 in Polearms
  3936 | D:4      | Found a sacrificial altar of Ru.
  4143 | D:5      | Entered Level 5 of the Dungeon
  4160 | D:5      | Reached XP level 8. HP: 56/60 MP: 8/8
  4166 | D:5      | Reached skill level 5 in Dodging
  4469 | D:5      | Noticed Sigmund
  4477 | D:5      | Killed Sigmund
  4478 | D:5      | Reached skill level 12 in Polearms
  4885 | D:6      | Found a staircase to the Ecumenical Temple.
  4912 | Temple   | Entered the Ecumenical Temple
  5018 | Temple   | Became a worshipper of the Wu Jian Council
  5046 | D:6      | Reached skill level 1 in Stealth
  5080 | D:6      | Reached skill level 13 in Polearms
  5359 | D:6      | Reached XP level 9. HP: 59/66 MP: 9/9
  5552 | D:6      | Reached skill level 14 in Polearms
  6325 | D:7      | Reached skill level 5 in Fighting
  6437 | D:7      | Found a flagged portal.
  6449 | Bailey   | Entered a bailey
  6464 | Bailey   | Reached * piety under Wu Jian
  6591 | Bailey   | Reached skill level 15 in Polearms
  6655 | Bailey   | Noticed an orc knight
  6656 | Bailey   | Noticed an orc knight
  6811 | D:7      | Found Vuisch's Armour Shoppe.
  6838 | D:7      | Noticed Joseph
  6867 | D:7      | Killed Joseph
  6868 | D:7      | Reached XP level 10. HP: 41/77 MP: 10/10
  7548 | D:8      | Reached ** piety under Wu Jian
  8033 | D:8      | Found a sparkling altar of Nemelex Xobeh.
  8497 | D:9      | Noticed a two-headed ogre
  8522 | D:9      | Killed a two-headed ogre
  8523 | D:9      | Reached skill level 16 in Polearms
  8690 | D:9      | Reached *** piety under Wu Jian
  8698 | D:9      | Found a staircase to the Lair.
  8829 | D:9      | Reached XP level 11. HP: 86/89 MP: 11/11
  9261 | D:9      | Noticed a cyclops
  9271 | D:9      | Killed a cyclops
  9366 | D:10     | Entered Level 10 of the Dungeon
  9404 | Lair:1   | Entered Level 1 of the Lair of Beasts
  9420 | Lair:1   | Demolished by a cane toad

Illustrated notes

Levels and vault maps discovered:
D:1:      elethiomel_arrival_quiet, layout_rooms, ebering_ecumenical_altar_box,
          st_stairs_4
D:2:      layout_loops_corners, basic_altar, serial_bayou_pond_d
D:3:      layout_loops_ring, uniq_natasha, uniq_ijyb
D:4:      layout_rooms, nicolae_ru_sacrificial_ziggurat,
          chequers_serial_rivers_room_b, uniq_menkaure
D:5:      layout_rooms, st_stairs_12, dk_vineyard_1, uniq_sigmund
D:6:      layout_basic, temple_pool_b
D:7:      layout_loops_corners, serial_shops, nicolae_shop_crystal,
          enter_bailey_5, nicolae_figureground_sparkle, uniq_joseph
D:8:      layout_basic, nemelex_xobeh_ov_fountains_minmay
D:9:      layout_basic, due_lair_maze_entry_diamond
D:10:     layout_long_grid, orc_0_dummy, st_stairs_14, uniq_josephine
Temple:   regret_index_temple_chain_breaker
Lair:1:   layout_regular_city, grunt_megastairs_3

Skill      XL: |  1  2  3  4  5  6  7  8  9 10 |
---------------+-------------------------------+-----
Polearms       | 5 6 7 8 9 11 13 15 16 | 16.6
Armour         | 1 2 3 4 |  4.9
Fighting       | 3 4 6 9 |  9.7
Dodging        | 5 6 7 |  7.5
Stealth        | 1 2 |  2.4
Throwing       | |  2.0

Action                   |  1- 3 |  4- 6 |  7- 9 | 10-12 || total
-------------------------+-------+-------+-------+-------++-------
Melee: Trident           |   104 |   188 |   301 |   137 ||   730
       Punch             |       |     1 |     7 |       ||     8
       Scythe            |       |       |    17 |       ||    17
       Tailslap          |       |       |     3 |     2 ||     5
       Halberd           |       |       |       |   162 ||   162
       Glaive            |       |       |       |    32 ||    32
Throw: Throwing net      |       |       |     1 |     1 ||     2
Invok: Lunge             |       |       |    10 |     9 ||    19
       Whirlwind         |       |       |     1 |     8 ||     9
       Serpent's Lash    |       |       |       |     1 ||     1
 Abil: Wall Jump         |       |       |       |     3 ||     3
  Use: Scroll            |     4 |     8 |     8 |     3 ||    23
       Potion            |       |     2 |     1 |     2 ||     5
 Stab: Sleeping          |     1 |       |       |       ||     1
       Held in net/web   |       |       |     1 |     1 ||     2
Armor: Leather armour    |    12 |       |       |       ||    12
       Ring mail         |    13 |    37 |    64 |    49 ||   163
Dodge: Dodged            |    52 |    88 |   141 |   152 ||   433
